 Dungeon Crawl Stone Soup version 0.22-a0-803-gd6d8abeff0 (webtiles) character file.

151 Holzbalken the Chopper (level 5, -2/38 HPs)
             Began as a Demonspawn Gladiator on July 22, 2018.
             Slain by an iron imp (7 damage)
             ... on level 3 of the Dungeon.
             The game lasted 00:08:58 (2316 turns).

Holzbalken the Chopper (Demonspawn Gladiator)       Turns: 2316, Time: 00:08:59

Health: -2/38      AC: 17    Str: 15    XL:     5   Next: 10%
Magic:  5/5        EV:  6    Int: 10    God:
Gold:   136        SH:  0    Dex: 14    Spells: 4/4 levels left

rFire    . . .     SeeInvis .   j - +0 hand axe
rCold    . . .     Gourm    .   (no shield)
rNeg     . . .     Faith    .   q - +0 plate armour
rPois    .         Spirit   .   c - +0 helmet
rElec    .         Reflect  .   (no cloak)
rCorr    .         Harm     .   (no gloves)
MR       .....                  (no boots)
Stlth    ..........             (no amulet)
HPRegen  0.12/turn              (no ring)
MPRegen  0.09/turn              g - +6 ring of protection

@: no status effects
A: talons 2, repulsion field 1
a: no special abilities


You were on level 3 of the Dungeon.
You were hungry.

You visited 1 branch of the dungeon, and saw 3 of its levels.

You collected 136 gold pieces.

Inventory:

Hand Weapons
 j - a +0 hand axe (weapon)
Missiles
 d - 3 throwing nets (quivered)
Armour
 c - a +0 helmet (worn)
 q - a +0 plate armour (worn)
Jewellery
 g - a +6 ring of protection (right hand)
Scrolls
 e - 6 scrolls of remove curse
 k - 6 scrolls of teleportation
Potions
 a - 2 potions of resistance {unknown}
 h - a potion of berserk rage
 l - 4 potions of haste
 n - 3 potions of flight
 p - a potion of agility {unknown}
 s - a potion of mutation
 t - 2 potions of magic
 x - a potion of lignification {unknown}
Comestibles
 f - 4 rations
 w - a chunk of flesh


   Skills:
 - Level 2.0 Fighting
 + Level 5.3 Axes
 - Level 1.7 Throwing
 - Level 2.6 Dodging


You had 4 spell levels left.
You didn't know any spells.
Your spell library was empty.

Dungeon Overview and Level Annotations

Branches:
Dungeon (3/15)

Altars:
Elyvilon
Gozag
Kikubaaqudgha
Makhleb
Ru


Innate Abilities, Weirdness & Mutations

You have razor-sharp toenails.
You are surrounded by a mild repulsion field. (EV +2)


Message History

* * * LOW HITPOINT WARNING * * *
You hit the iron imp but do no damage. You claw the iron imp.
The iron imp is moderately wounded.
The iron imp hits you but does no damage.
You barely miss the iron imp.
You claw the iron imp, but do no damage.
The iron imp is moderately wounded.
The iron imp hits you!
* * * LOW HITPOINT WARNING * * *
You hit the iron imp.
The iron imp is heavily wounded.
The iron imp hits you but does no damage.
You hit the iron imp.
You claw the iron imp, but do no damage.
The iron imp is heavily wounded.
Your plate armour prevents you from hitting the iron imp.
You claw the iron imp.
The iron imp is severely wounded.
The iron imp hits you!
You die...

#..
#....§§§.......#.###
#.# .
#.....≈§......##..#
#.## ..
#.._...8≈.....# ..#
...# ...
#.....≈≈...%%.# #
§..#....
#.....≈≈......##
§.......
#....≈≈........#
§......[
#.≈§≈≈............##
§.(.....
#.≈≈≈.............#.
§.......
#.5@............!...
........
#############..>..(.
#....... .......
....... .. ...
....... ... ##.....
... ..... ... .(.
...


You could see an iron imp.

Vanquished Creatures
  2 iron imps (D:3)
  2 adders
  An ooze (D:1)
  A worm (D:2)
  3 dart slugs
  3 leopard geckos
  2 giant cockroaches
  7 goblins
  5 hobgoblins
  9 jackals
  2 quokkas (D:2)
  2 ball pythons
  4 bats
  2 frilled lizards
  9 kobolds
  5 rats
59 creatures vanquished.

Notes
Turn   | Place    | Note
-------+----------+-------------------------------------------
     0 | D:1      | Holzbalken the Demonspawn Gladiator began the quest for the Orb.
     0 | D:1      | Reached XP level 1. HP: 16/16 MP: 1/1
    57 | D:1      | Reached skill level 3 in Axes
   120 | D:1      | Gained mutation: You have sharp toenails. [demonic ancestry]
   120 | D:1      | Reached XP level 2. HP: 7/22 MP: 2/2
   833 | D:1      | Gained mutation: You are surrounded by a mild repulsion field. (EV +2) [demonic ancestry]
   833 | D:1      | Reached XP level 3. HP: 27/27 MP: 3/3
  1104 | D:2      | Reached skill level 4 in Axes
  1397 | D:2      | Found a sacrificial altar of Ru.
  1702 | D:2      | Found an ancient bone altar of Kikubaaqudgha.
  1737 | D:2      | Gained mutation: You have razor-sharp toenails. [demonic ancestry]
  1737 | D:2      | Reached XP level 4. HP: 33/33 MP: 4/4
  2127 | D:3      | Found an opulent altar of Gozag.
  2209 | D:2      | Found a white marble altar of Elyvilon.
  2264 | D:3      | Found a burning altar of Makhleb.
  2300 | D:3      | Reached skill level 5 in Axes
  2306 | D:3      | Reached XP level 5. HP: 17/38 MP: 5/5
  2316 | D:3      | Slain by an iron imp

Vault maps used:
D:1:      sevenhm_arrival_forest_fort_small_3, minmay_close_crescents
D:2:      lemuel_upstairs_altar, kiku_gazebo_pond_becter,
          overflow_temple_1_default
D:3:      nicolae_gozag_cash_rules_everything_around_me, demons_altar,
          nemelex_altar_shiori, first_ration

Skill      XL: |  1  2  3  4 |
---------------+-------------+-----
Axes           | 3 4 5 |  5.3
Fighting       | |  2.0
Throwing       | |  1.7
Dodging        | |  2.6

Action                   |  1- 3 |  4- 6 || total
-------------------------+-------+-------++-------
Melee: War axe           |    33 |       ||    33
       Hand axe          |    64 |    59 ||   123
       Kick              |    22 |    16 ||    38
  Use: Scroll            |       |     9 ||     9
  Eat: Chunk             |     3 |     1 ||     4
Armor: Leather armour    |    15 |       ||    15
       Plate armour      |    38 |    34 ||    72
Dodge: Dodged            |    60 |    20 ||    80

Table legend:
 A = Spawn XP
 B = Non-spawn XP
 C = Spawn XP percentage of total XP
 D = Spawn monster count
 E = Non-spawn monster count
 F = Spawn count percentage of total count
 G = Total turns spent on level
                    A         B        C        D         E        F      G
               +---------+---------+-------+---------+---------+-------+---------
         Total |       0 |     216 |   0.0 |       0 |      59 |   0.0 |  2316
               +---------+---------+-------+---------+---------+-------+---------
           D:1 |       0 |      46 |   0.0 |       0 |      22 |   0.0 |  1097
           D:2 |       0 |      60 |   0.0 |       0 |      24 |   0.0 |   992
           D:3 |       0 |     110 |   0.0 |       0 |      13 |   0.0 |   227
               +---------+---------+-------+---------+---------+-------+---------
